 Dungeon Crawl Stone Soup version 0.17.0-28-g6e173f8 (webtiles) character file.

37897 septik the Severer (level 13, -5/134 HPs)
             Began as a Deep Dwarf Fighter on Nov 22, 2015.
             Was an Elder of Makhleb.
             Slain by a dire elephant (26 damage)
             ... on level 8 of the Lair of Beasts.
             The game lasted 01:03:51 (17557 turns).

septik the Severer (Deep Dwarf Fighter)            Turns: 17557, Time: 01:03:51

Health: -5/134     AC: 19    Str: 25    XL:     13   Next: 60%
Magic:  0/19       EV: 13    Int: 15    God:    Makhleb [****..]
Gold:   1140       SH:  5    Dex: 12    Spells: 0 memorised, 12 levels left

rFire  + . .     SeeInvis +     E - +3 hand axe (vamp)
rCold  + . .     Clarity  .     P - +3 ring mail of the Four Cities {*Drain rC+ rN+ Int+4}
rNeg   + + .     SustAt   .     g - +0 buckler
rPois  +         Gourm    .     N - +0 helmet {SInv}
rElec  +         Spirit   +     B - +2 cloak
rCorr  .         Warding  .     V - +0 pair of gloves
rMut   .         Stasis   .     K - +1 pair of boots
MR     +....                    Z - amulet "Tuma Wof" {Spirit rElec rPois rF+ rN+}
Stlth  +.........               m - -3 ring of evasion (curse)
                                (no ring)

@: non-regenerating, somewhat resistant to hostile enchantments, very unstealthy
A: damage resistance, recharge devices, clever 1, sense surroundings 3, robust
1, slow regeneration 3
a: Device Recharging, Minor Destruction, Lesser Servant of Makhleb, Major
Destruction, Renounce Religion


You were on level 8 of the Lair of Beasts.
You worshipped Makhleb.
Makhleb was greatly pleased with you.
You were very hungry.

You visited 3 branches of the dungeon, and saw 18 of its levels.
You also visited: Labyrinth.

You collected 1140 gold pieces.

Inventory:

Hand Weapons
 v - the +6 quarterstaff of Circularity {flame, rN+ MP+9, unknown}
   (You found it on level 8 of the Lair of Beasts)

   It has been specially enchanted to burn those struck by it, causing extra
   injury to most foes and up to half again as much damage against particularly
   susceptible opponents.
   It protects you from negative energy.
   It affects your magic capacity (+9).
 E - a +3 vampiric hand axe (weapon)
Missiles
 z - 575 stones (quivered)
Armour
 g - a +0 buckler (worn)
 B - a +2 cloak (worn)
 K - a +1 pair of boots (worn)
 N - a +0 helmet of see invisible (worn)
 P - the +3 ring mail of the Four Cities (worn) {*Drain rC+ rN+ Int+4}
   (You took it off an orc on level 9 of the Dungeon)

   It affects your intelligence (+4).
   It protects you from cold.
   It protects you from negative energy.
   It causes draining when unequipped.
 V - a +0 pair of gloves (worn)
Jewellery
 a - the ring of Exhibitionism {Ice *Drain rN+ MP+9 Slay+2}
   (You found it on level 3 of the Lair of Beasts)

   [ring of ice]

   It enhances your ice magic, and weakens your fire magic.
   It affects your accuracy and damage with ranged weapons and melee attacks
   (+2).
   It makes you vulnerable to fire.
   It protects you from cold.
   It protects you from negative energy.
   It affects your magic capacity (+9).
   It causes draining when unequipped.
 m - a cursed -3 ring of evasion (right hand)
 t - a +3 ring of evasion
 A - the ring "Hifo Pont" {+Fly rF+ Str-2 Int+2 SInv Stlth+}
   (You found it in a labyrinth)

   [ring of protection from fire]

   It affects your strength (-2).
   It affects your intelligence (+2).
   It protects you from fire.
   It lets you see invisible.
   It lets you fly.
   It makes you more stealthy.
 D - an uncursed ring of protection from fire
 Z - the amulet "Tuma Wof" (around neck) {Spirit rElec rPois rF+ rN+}
   (You found it on level 6 of the Dungeon)

   [amulet of guardian spirit]

   It causes incoming damage to be split between your health and magic.
   It protects you from fire.
   It insulates you from electricity.
   It protects you from poison.
   It protects you from negative energy.
Wands
 c - a wand of disintegration (20)
 e - a wand of heal wounds (3)
 J - a wand of fire (8)
Scrolls
 d - 2 scrolls of magic mapping
 i - 2 scrolls of fog
 q - a scroll of holy word {unknown}
 r - 2 scrolls of remove curse
 u - a scroll of recharging
 y - a scroll of fear
 C - 4 scrolls of identify
 I - 5 scrolls of immolation
 L - 6 scrolls of teleportation
Potions
 b - 2 potions of resistance
 h - 5 potions of invisibility
 j - 2 potions of might
 k - 11 potions of curing
 l - a potion of haste
 o - a potion of brilliance {unknown}
 G - 2 potions of heal wounds
 H - 4 potions of lignification
Books
 s - a book of Spatial Translocations

   Spells                             Type                      Level
   a - Apportation                    Translocation                1
   b - Blink                          Translocation                2
   c - Shroud of Golubria             Charms/Translocation         2
   d - Portal Projectile              Translocation                3
   e - Teleport Other                 Translocation                3
   f - Passage of Golubria            Translocation                4
Comestibles
 f - 12 bread rations
 n - 11 chunks of flesh
 p - 20 fruits


   Skills:
 + Level 9.6 Fighting
 * Level 15.7 Axes
   Level 0.2 Slings
 + Level 10.8 Armour
 + Level 10.4 Dodging
 - Level 5.0 Shields
 + Level 9.5 Invocations


You had 12 spell levels left.
You didn't know any spells.

Dungeon Overview and Level Annotations

Branches:
Dungeon (9/15)             Temple (1/1) D:6            Lair (8/8) D:9
 Shoals (0/4) Lair:4       Spider (0/4) Lair:4        Slime (0/6) Lair:7
    Orc (0/4) D:9

Altars:
Ashenzari
Cheibriados
Dithmenos
Elyvilon
Fedhas
Gozag
Kikubaaqudgha
Makhleb
Nemelex Xobeh
Okawaru
Qazlal
Ru
Sif Muna
Trog
Vehumet
Xom
Yredelemnul
Zin
The Shining One

Shops:
D:6 :

Annotations:
Lair:7 exclusion: oklob plant


Innate Abilities, Weirdness & Mutations

You are resistant to damage.
You can recharge devices by infusing magical energy.
You passively map a large area around you.
You do not regenerate naturally.
Your mind is acute. (Int +2)
You are robust (+10% HP).


Message History

You block the dire elephant's attack.
Unknown command.
You hit the dire elephant.
The dire elephant is almost dead.
You hit the plant but do no damage.
The plant is lightly damaged.
The dire elephant tramples you but does no damage.
The dire elephant trunk-slaps you.
Unknown command.
You hit the dire elephant but do no damage.
The dire elephant is almost dead.
You hit the plant but do no damage.
The plant is lightly damaged.
Unknown command.
You hit the dire elephant but do no damage.
The dire elephant is almost dead.
You completely miss the plant.
The plant is lightly damaged.
The dire elephant tramples you!!
You die...

** * ####* #########''# , ,
##!...##≈≈.##8.k%.# , , +
#)$...'≈≈≈..'Y....# ** * , ,
#)?...'≈≈≈≈Y#8.#### * ,,, * ,
,##$...#≈≈≈≈.####..k * ** ,, ,,
######.≈≈≈≈#..k.## , ,
##...###.≈###.#### #♣♣♣##
,.#####8.⌠.8#####...#* #♣....##
.....PP@Y........###, ,
.......♣########'''########♣ ,,
...........#...............$
,,,
...........................),,
............÷...............,
,,
..........÷÷÷.....#.#.#.....,,,
, ......................##....,
.............#......... .#..
...........##....###.#.. . # ,,


You could see a dire elephant.

Vanquished Creatures
  Gastronok (Lair:1)
  2 dire elephants (Lair:8)
  A minotaur (Lab)
  Erica (D:9)
  Nergalle (Lair:4)
  An orb spider (Lair:4)
  2 griffons
  A cyclops (D:9)
  A manticore (Lair:4)
  The ghost of asdu the Cudgeler, a novice GrAs (D:6)
  2 black mambas
  Joseph (D:9)
  10 elephants
  3 spiny frogs
  9 komodo dragons
  3 fire drakes
  A troll (D:9)
  9 blink frogs
  A slime creature (D:6)
  A deep elf mage (D:9)
  Sigmund (D:2)
  4 hippogriffs
  2 basilisks
  18 yaks
  15 wolves
  Menkaure (D:5)
  A warg (D:9)
  6 swamp worms (Lair:3)
  5 porcupines
  Duvessa (D:4)
  A phantom (D:6)
  7 orc warriors
  12 water moccasins
  3 ice beasts
  3 ogres
  2 black bears
  3 centaurs
  16 crocodiles
  14 giant frogs
  Blork the orc (D:4)
  2 big kobolds
  A brain worm (Lair:3)
  Dowan (D:4)
  3 killer bees (D:7)
  4 scorpions
  10 wights
  3 electric eels
  A giant frog zombie (D:5)
  A lava snake (Lair:4)
  3 crimson imps
  Crazy Yiuf (D:4)
  Ijyb (D:2)
  3 hounds
  13 jellies
  An orc wizard (D:9)
  3 giant frog skeletons
  3 orc priests
  8 worker ants
  8 iguanas
  11 sheep
  A hound zombie (D:9)
  A hound skeleton (D:9)
  A worker ant zombie (D:6)
  Robin (D:3)
  7 adders
  52 river rats
  A gnoll (D:1)
  A shadow imp (D:5)
  22 oozes
  4 adder skeletons
  13 worms
  4 giant geckos
  28 orcs
  3 ball pythons
  6 giant cockroaches
  20 goblins
  13 hobgoblins
  10 jackals
  5 quokkas
  8 bats
  A giant gecko skeleton (D:6)
  3 giant newts
  24 kobolds
  10 rats
  10 fungi
  3 plants
501 creatures vanquished.

Vanquished Creatures (collateral kills)
  9 hydras
  An anaconda (Lair:8)
  A griffon (Lair:5)
  A spiny frog (Lair:7)
  3 blink frogs (Lair:4)
  A swamp worm (Lair:3)
  A crocodile (Lair:4)
  9 river rats
  2 worms (Lair:3)
  A plant (Lair:7)
29 creatures vanquished.

Vanquished Creatures (others)
  An ice beast (D:6)
  A giant frog (D:6)
  An orc wizard (D:6)
  13 fungi
  17 plants
33 creatures vanquished.

Grand Total: 563 creatures vanquished

Notes
Turn   | Place    | Note
--------------------------------------------------------------
     0 | D:1      | septik the Deep Dwarf Fighter began the quest for the Orb.
     0 | D:1      | Reached XP level 1. HP: 20/20 MP: 1/1
   271 | D:1      | Reached XP level 2. HP: 25/27 MP: 2/2
   482 | D:1      | Reached XP level 3. HP: 20/33 MP: 3/3
   503 | D:1      | Reached skill level 4 in Axes
  1035 | D:2      | Noticed Sigmund
  1073 | D:2      | Killed Sigmund
  1073 | D:2      | Reached skill level 6 in Axes
  1073 | D:2      | Reached XP level 4. HP: 13/40 MP: 4/4
  1073 | D:2      | Reached XP level 5. HP: 14/46 MP: 5/5
  1090 | D:2      | Found a shattered altar of Ashenzari.
  1256 | D:2      | Noticed Ijyb
  1305 | D:2      | Killed Ijyb
  2094 | D:3      | Reached XP level 6. HP: 27/55 MP: 6/6
  2273 | D:3      | Reached skill level 7 in Axes
  2684 | D:3      | Noticed Robin
  2690 | D:3      | Killed Robin
  2833 | D:4      | Noticed Dowan
  2841 | D:4      | Noticed Duvessa
  2860 | D:4      | Killed Duvessa
  2860 | D:4      | Reached skill level 1 in Dodging
  2898 | D:4      | Killed Dowan
  3033 | D:4      | Reached XP level 7. HP: 62/62 MP: 7/7
  3205 | D:4      | Noticed Blork the orc
  3219 | D:4      | Killed Blork the orc
  3350 | D:4      | Noticed Crazy Yiuf
  3372 | D:4      | Killed Crazy Yiuf
  3905 | D:5      | Entered Level 5 of the Dungeon
  4408 | D:5      | Reached skill level 8 in Axes
  4484 | D:5      | Reached XP level 8. HP: 66/72 MP: 8/8
  4648 | D:5      | Noticed Menkaure
  4659 | D:5      | Killed Menkaure
  4835 | D:6      | Noticed asdu's ghost (novice GrAs)
  4941 | D:6      | Killed asdu's ghost
  4941 | D:6      | Reached skill level 9 in Axes
  4941 | D:6      | Reached skill level 5 in Armour
  4941 | D:6      | Reached skill level 5 in Shields
  4985 | D:6      | Found a staircase to the Ecumenical Temple.
  4992 | Temple   | Entered the Ecumenical Temple
  4996 | Temple   | Became a worshipper of Makhleb the Destroyer
  5009 | D:6      | Got an ancient copper amulet
  5161 | D:6      | Found Ulegant's Book Shop.
  5462 | D:6      | HP: 1/73 [orc warrior/flail (8)]
  5950 | D:6      | Noticed a slime creature
  5989 | D:6      | Killed a slime creature
  5989 | D:6      | Reached skill level 5 in Fighting
  5989 | D:6      | Gained mutation: You passively map the area around you. [Deep Dwarf growth]
  5989 | D:6      | Reached XP level 9. HP: 25/81 MP: 8/8
  5999 | D:6      | Reached * piety under Makhleb
  6079 | D:6      | Reached skill level 10 in Axes
  6239 | D:6      | Identified the amulet "Tuma Wof" {Spirit rElec rPois rF+ rN+} (You found it on level 6 of the Dungeon)
  6363 | D:7      | Reached ** piety under Makhleb
  6605 | D:7      | Reached skill level 5 in Dodging
  8030 | D:9      | Reached *** piety under Makhleb
  8064 | D:9      | Reached skill level 11 in Axes
  8064 | D:9      | Reached XP level 10. HP: 47/91 MP: 0/9
  8129 | D:9      | Noticed Joseph
  8158 | D:9      | Killed Joseph
  8242 | D:9      | Found a staircase to the Orcish Mines.
  8397 | D:9      | Noticed a cyclops
  8416 | D:9      | Killed a cyclops
  8416 | D:9      | Reached skill level 1 in Invocations
  8555 | D:9      | Got a citrine-encrusted ring mail
  8616 | D:9      | Reached **** piety under Makhleb
  8709 | D:9      | Found a deep blue altar of Sif Muna.
  8893 | D:9      | Found a staircase to the Lair.
  8894 | D:9      | Noticed a komodo dragon
  8894 | D:9      | Noticed Erica
  8915 | D:9      | Killed Erica
  8915 | D:9      | Reached skill level 12 in Axes
  8929 | D:9      | Killed a komodo dragon
  9202 | D:9      | Found a bloodstained altar of Trog.
  9202 | D:9      | Found a white marble altar of Elyvilon.
  9203 | D:9      | Found a glowing golden altar of the Shining One.
  9204 | D:9      | Found a sparkling altar of Nemelex Xobeh.
  9204 | D:9      | Found a glowing silver altar of Zin.
  9204 | D:9      | Found a deep blue altar of Sif Muna.
  9487 | Lair:1   | Entered Level 1 of the Lair of Beasts
  9583 | Lair:1   | Reached XP level 11. HP: 59/100 MP: 0/12
  9719 | Lair:1   | Reached ***** piety under Makhleb
  9802 | Lair:1   | Noticed Gastronok
  9842 | Lair:1   | Killed Gastronok
 10743 | Lair:2   | Reached skill level 5 in Invocations
 10751 | Lair:2   | Noticed an eight-headed hydra
 10766 | Lair:2   | Killed a ten-headed hydra
 10840 | Lair:2   | Gained mutation: You passively map a large area around you. [potion of beneficial mutation]
 11290 | Lair:2   | Reached skill level 13 in Axes
 11556 | Lair:2   | Identified the +3 ring mail of the Four Cities {*Drain rC+ rN+ Int+4} (You took it off an orc on level 9 of the Dungeon)
 11842 | Lair:3   | Noticed a five-headed hydra
 11889 | Lair:3   | Killed a 12-headed hydra
 11923 | Lair:3   | Got a coiled tin ring
 12396 | Lair:3   | Got an encrusted battleaxe
 12438 | Lair:4   | Noticed Nergalle
 12462 | Lair:4   | Noticed a spectral orc warlord
 12463 | Lair:4   | Killed Nergalle
 12480 | Lair:4   | Found a staircase to the Shoals.
 12493 | Lair:4   | Reached XP level 12. HP: 89/110 MP: 0/15
 12723 | Lair:4   | Noticed a five-headed hydra
 12765 | Lair:4   | Killed a 14-headed hydra
 12912 | Lair:4   | Reached skill level 14 in Axes
 13145 | Lair:4   | Found a hole to the Spider Nest.
 13467 | Lair:5   | Found a labyrinth entrance.
 13475 | Lab      | Entered a labyrinth
 13698 | Lab      | Noticed a minotaur
 13710 | Lab      | Killed a minotaur
 13712 | Lab      | Got a heavily runed pewter ring
 13713 | Lab      | Got a shimmering great sword
 13713 | Lab      | Got a transparent leather armour
 13800 | Lair:5   | Noticed a four-headed hydra
 13813 | Lair:5   | Killed a seven-headed hydra
 13949 | Lair:5   | Reached skill level 10 in Armour
 14022 | Lair:5   | Got a twisted great sword
 14316 | Lair:4   | Gained mutation: You are robust (+10% HP). [potion of beneficial mutation]
 14317 | Lair:4   | Gained mutation: Your mind is acute. (Int +2) [potion of beneficial mutation]
 14495 | Lair:2   | Upgraded the game from 0.17.0-27-g4a3f43e to 0.17.0-28-g6e173f8
 14503 | Lair:2   | Identified the ring of Exhibitionism {Ice *Drain rN+ MP+9 Slay+2} (You found it on level 3 of the Lair of Beasts)
 14513 | Lair:2   | Identified the ring "Hifo Pont" {+Fly rF+ Str-2 Int+2 SInv Stlth+} (You found it in a labyrinth)
 14648 | Lair:5   | Noticed a four-headed hydra
 14657 | Lair:5   | Killed a four-headed hydra
 14755 | Lair:5   | Noticed an eight-headed hydra
 14774 | Lair:5   | Killed an 11-headed hydra
 15885 | Lair:7   | Found a staircase to the Slime Pits.
 15904 | Lair:7   | Reached XP level 13. HP: 133/133 MP: 0/18
 15989 | Lair:7   | Noticed an eight-headed hydra
 16016 | Lair:7   | Killed a 12-headed hydra
 16125 | Lair:7   | Reached skill level 15 in Axes
 16482 | Lair:7   | Reached skill level 10 in Dodging
 16654 | Lair:7   | Found a white marble altar of Elyvilon.
 16774 | Lair:8   | Entered Level 8 of the Lair of Beasts
 17331 | Lair:8   | Got a steaming quarterstaff
 17389 | Lair:8   | Noticed a dire elephant
 17404 | Lair:8   | Killed a dire elephant
 17454 | Lair:8   | Noticed a dire elephant
 17479 | Lair:8   | Killed a dire elephant
 17492 | Lair:8   | Noticed a dire elephant
 17492 | Lair:8   | Noticed a dire elephant
 17549 | Lair:8   | HP: 6/134 [dire elephant (16)]
 17557 | Lair:8   | Slain by a dire elephant

Action                   |  1- 3 |  4- 6 |  7- 9 | 10-12 | 13-15 || total
-------------------------+-------+-------+-------+-------+-------++-------
Melee: War axe           |    75 |   119 |       |       |       ||   194
       Hand axe          |       |   112 |   772 |  1550 |   548 ||  2982
 Fire: Hunting sling     |       |     3 |       |       |       ||     3
Invok: Lesser Servant of |       |       |       |    24 |    21 ||    45
       Major Destruction |       |       |       |     2 |     3 ||     5
 Abil: Device Recharging |       |       |     1 |       |       ||     1
Evoke: Wand              |     3 |     1 |     2 |     2 |     4 ||    12
  Use: Potion            |     1 |       |       |     3 |       ||     4
       Scroll            |       |       |     7 |    21 |       ||    28
 Stab: Distracted        |       |       |       |     1 |     3 ||     4
  Eat: Chunk             |       |     4 |    10 |    25 |     7 ||    46
       Beef jerky        |       |     2 |       |       |       ||     2
       Meat ration       |       |     1 |     1 |       |       ||     2
       Pizza             |       |       |     1 |       |       ||     1
       Royal jelly       |       |       |       |     1 |       ||     1
       Fruit             |       |       |       |     2 |       ||     2
